 Dungeon Crawl Stone Soup version 0.29.1-4-g47bece8355 (webtiles) character file.

Game seed: 7210380995119221580

7337 iamoutofideas the Severer (level 11, -2/85 HPs)
             Began as a Hill Orc Berserker on Dec 7, 2022.
             Was a High Priest of Trog.
             Slain by a molten gargoyle
             ... wielding a +2 mace of holy wrath
              (9 damage)
             ... on level 10 of the Dungeon.
             The game lasted 00:14:48 (11345 turns).

iamoutofideas the Severer (Hill Orc Berserker)     Turns: 11345, Time: 00:14:48

Health: -2/85      AC:  7    Str: 31    XL:     11   Next: 13%
Magic:  11/11      EV: 16    Int:  7    God:    Trog [*****.]
Gold:   688        SH:  0    Dex: 10    Spells: 10/10 levels left

rFire   . . .      SeeInvis +   N - +2 battleaxe (flame)
rCold   . . .      Faith    +   (shield currently unavailable)
rNeg    . . .      Spirit   .   w - +0 troll leather armour {Pargi}
rPois   .          Reflect  .   G - +0 helmet "Sasya" {Str+6 SInv}
rElec   .          Harm     .   g - +0 cloak
rCorr   .          Rampage  .   (no gloves)
Will    .....                   F - +0 pair of boots
Stlth   +.........              k - amulet of faith
HPRegen 1.04/turn               p - +4 ring of evasion
MPRegen 0.12/turn               n - ring of flight

@: about to teleport, on berserk cooldown, flying
A: no striking features
a: Renounce Religion, Berserk, Trog's Hand, Brothers in Arms


You were on level 10 of the Dungeon.
You worshipped Trog.
Trog was extremely pleased with you.
You visited 1 branch of the dungeon, and saw 10 of its levels.

You collected 688 gold pieces.

Inventory:

Hand Weapons
 s - a +0 war axe
 N - a +2 battleaxe of flaming (weapon)
 R - a +1 hand axe of flaming
Missiles
 C - 14 curare-tipped darts (quivered)
 K - 6 throwing nets
Armour
 g - a +0 cloak (worn)
 w - a +0 troll leather armour (worn) {Pargi}
 F - a +0 pair of boots (worn)
 G - the +0 helmet "Sasya" (worn) {Str+6 SInv}
   (You acquired it on level 7 of the Dungeon)

   Str:       It affects your strength (+6).
   SInv:      It lets you see invisible.
 I - +0 acid dragon scales
 O - a scarf of resistance
Jewellery
 k - an amulet of faith (around neck)
 n - a ring of flight (right hand)
 p - a +4 ring of evasion (left hand)
 u - the ring of the Country {rPois rN+++ Will- Str+6}
   (You acquired it on level 7 of the Dungeon)

   [ring of strength]

   Str:       It affects your strength (+6).
   rPois:     It protects you from poison.
   rN:        It renders you almost immune to negative energy.
   Will:      It decreases your willpower.
 z - an amulet of the acrobat
Wands
 f - a wand of roots (7)
 B - a wand of light (5)
 D - a wand of flame (7)
 L - a wand of digging (7)
Scrolls
 a - 2 scrolls of amnesia
 b - a scroll of poison
 d - a scroll of magic mapping
 h - 2 scrolls of blinking
 i - 10 scrolls of teleportation
 l - 3 scrolls of noise
 m - 2 scrolls of brand weapon
 q - 2 scrolls of enchant armour {unknown}
 x - a scroll of fog {unknown}
 y - 2 scrolls of vulnerability {unknown}
 E - a scroll of immolation {unknown}
 P - 4 scrolls of identify
 T - a scroll of fear {unknown}
Potions
 c - a potion of attraction
 e - 5 potions of mutation
 j - 3 potions of haste
 o - a potion of curing
 r - a potion of berserk rage {unknown}
 t - 4 potions of magic {unknown}
 v - 4 potions of degeneration {unknown}
 A - 2 potions of flight {unknown}
 H - 2 potions of brilliance {unknown}
 J - a potion of ambrosia {unknown}
 M - a potion of might {unknown}
 Q - 2 potions of cancellation {unknown}
 S - a potion of invisibility {unknown}


   Skills:
 + Level 4.5 Fighting
 - Level 20.7 Axes
 + Level 2.9 Armour
 + Level 2.0 Dodging


You had 10 spell levels left.
You didn't know any spells.
Your spell library contained the following spells:

 Spells                   Type           Power      Damage    Failure   Level
 Shock                    Conj/Air       0%         1d3       45%         1
 Call Canine Familiar     Summ           0%         N/A       83%         3
 Portal Projectile        Hex/Tloc       0%         N/A       83%         3
 Swiftness                Air            0%         N/A       83%         3
 Airstrike                Air            0%         2d(0-16)  99%         4
 Leda's Liquefaction      Hex/Erth       0%         N/A       99%         4


Dungeon Overview and Level Annotations

Branches:
Dungeon (10/15)            Temple (0/1) D:5            Lair (0/5) D:8
    Orc: D:9-12

Altars:
Dithmenos
Hepliaklqana
Kikubaaqudgha
Makhleb
Qazlal
Trog
Wu Jian
Zin

Shops:
D:9 (   D:10 =

Annotations:
D:7 1 runed translucent door


Message History

You are too injured to fight recklessly!
You slash the komodo dragon! You burn the komodo dragon.
The komodo dragon is almost dead.
You barely miss the komodo dragon.
The komodo dragon is almost dead.
The komodo dragon bites you!
You hit the komodo dragon. You burn the komodo dragon.
The komodo dragon is almost dead.
You slash the komodo dragon! You burn the komodo dragon.
You feel the power of Trog in you as your rage grows.
You kill the komodo dragon!
Trog accepts your kill.
Your Dodging skill increases to level 2!
You start resting.
You feel a strong urge to attack something.
You start resting.
You feel your anger nearly subside.
You start resting.
You are no longer berserk.
You are exhausted.
You feel yourself slow down.
You start resting.
A molten gargoyle comes into view. It is wielding a +2 mace of holy wrath.
The molten gargoyle blasts magma at you!
The bolt of magma misses you.
The molten gargoyle blasts magma at you!
The bolt of magma hits you!!
Okay, then.
As you read the scroll of teleportation, it crumbles to dust.
You feel strangely unstable.
The molten gargoyle blasts magma at you!
The bolt of magma hits you!
* * * LOW HITPOINT WARNING * * *
Unknown command.
You feel better.
You feel yourself speed up.
The molten gargoyle hits you with a +2 mace of holy wrath!!
* * * LOW HITPOINT WARNING * * *
You are engulfed in flames!
You die...

#. +..# #...#####
#.#######..# #...#...#
+..........# #...+...#
#..........# #...#...#
....)......# #...#...#
...........# #...#...#
##.........# #...###'#
#.........#####........
#####.@....?...........
#.9.........######.
#....###++#.# #. #....#
#.# #. #....# #.# #.
#....# #.# #. #....#
#.# #. #.#.#. #.# #. ..


You could see a molten gargoyle.

Vanquished Creatures
  2 two-headed ogres
  Nergalle (D:10)
  Maggie (D:6)
  A komodo dragon (D:10)
  A troll (D:10)
  Grinder (D:3)
  A shadow (D:9)
  2 vampire mosquitoes (D:7)
  A steam dragon (D:8)
  3 water moccasins
  An orc warrior (D:8)
  2 ice beasts
  2 black bears
  4 sky beasts
  Pargi (D:3)
  2 phantoms
  An ogre (D:6)
  A centaur (D:7)
  4 kobold brigands
  A bullfrog (D:6)
  9 scorpions
  6 killer bees (D:9)
  5 howler monkeys
  4 electric eels
  A jelly (D:7)
  4 orc priests
  4 hounds
  3 gnoll boudas
  Natasha (thrice) (D:3)
  2 iguanas
  5 orc wizards
  A mummy (D:6)
  Robin (D:3)
  25 gnolls
  7 adders
  A white imp (D:8)
  3 worms
  2 dart slugs
  22 orcs
  5 endoplasms
  7 giant cockroaches
  26 goblins
  15 hobgoblins
  3 jackals (D:4)
  2 quokkas
  3 ball pythons
  8 bats
  8 frilled lizards
  2 hobgoblin zombies (D:6)
  30 kobolds
  A kobold zombie (D:6)
  An orc zombie (D:6)
  8 rats
  A butterfly (D:7)
261 creatures vanquished.

Vanquished Creatures (collateral kills)
  A dart slug (D:3)
1 creature vanquished.

Vanquished Creatures (others)
  4 fungi
  26 plants
30 creatures vanquished.

Grand Total: 292 creatures vanquished

Notes
Turn   | Place    | Note
-------+----------+-------------------------------------------
     0 | D:1      | iamoutofideas the Hill Orc Berserker began the quest for
                  | the Orb.
     0 | D:1      | Reached XP level 1. HP: 19/19 MP: 1/1
   351 | D:1      | Reached XP level 2. HP: 21/27 MP: 2/2
  1024 | D:2      | Reached skill level 5 in Axes
  1024 | D:2      | Reached XP level 3. HP: 20/33 MP: 3/3
  1630 | D:2      | Reached ** piety under Trog
  1957 | D:3      | Noticed Natasha
  1971 | D:3      | Killed Natasha
  1972 | D:3      | Reached skill level 6 in Axes
  1972 | D:3      | Reached XP level 4. HP: 16/40 MP: 4/4
  2259 | D:3      | Noticed Grinder
  2271 | D:4      | Reached skill level 7 in Axes
  2271 | D:4      | Reached XP level 5. HP: 29/46 MP: 5/5
  2395 | D:3      | Killed Grinder
  2396 | D:3      | Reached skill level 8 in Axes
  2396 | D:3      | Reached XP level 6. HP: 52/52 MP: 6/6
  2438 | D:3      | Noticed Natasha
  2441 | D:3      | Reached skill level 9 in Axes
  2448 | D:3      | Killed Natasha
  2463 | D:3      | Noticed Natasha
  2474 | D:3      | Killed Natasha
  2871 | D:3      | Noticed Robin
  2880 | D:3      | Killed Robin
  3015 | D:3      | Noticed Pargi
  3024 | D:3      | Killed Pargi
  3025 | D:3      | Reached skill level 10 in Axes
  3025 | D:3      | Reached XP level 7. HP: 58/58 MP: 7/7
  3610 | D:4      | Found a shadowy altar of Dithmenos.
  3613 | D:4      | Reached *** piety under Trog
  3844 | D:4      | Reached skill level 11 in Axes
  4274 | D:5      | Entered Level 5 of the Dungeon
  4371 | D:5      | Found a staircase to the Ecumenical Temple.
  4900 | D:5      | Found a glowing silver altar of Zin.
  4910 | D:5      | Reached XP level 8. HP: 57/66 MP: 8/8
  4935 | D:5      | Reached skill level 12 in Axes
  5468 | D:6      | Reached skill level 13 in Axes
  5538 | D:6      | Noticed Maggie
  5561 | D:6      | Killed Maggie
  5562 | D:6      | Reached skill level 14 in Axes
  5562 | D:6      | Reached XP level 9. HP: 65/71 MP: 9/9
  5888 | D:6      | Reached skill level 15 in Axes
  5937 | D:6      | Reached **** piety under Trog
  6081 | D:6      | Found a hazy altar of Hepliaklqana.
  7111 | D:6      | Reached skill level 16 in Axes
  7480 | D:6      | Found an ornate altar of the Wu Jian Council.
  7841 | D:7      | Found an ancient bone altar of Kikubaaqudgha.
  7872 | D:7      | Reached ***** piety under Trog
  8214 | D:7      | Reached skill level 17 in Axes
  8228 | D:7      | Received a gift from Trog
  8514 | D:7      | Found a runed translucent door.
  8516 | D:7      | Found a runed translucent door.
  8840 | D:7      | Reached XP level 10. HP: 67/78 MP: 3/10
  8993 | D:7      | Reached skill level 18 in Axes
  9023 | D:7      | Identified 2 scrolls of acquirement
  9023 | D:7      | Acquired the +0 helmet "Sasya" {Str+6 SInv}
  9036 | D:7      | Acquired the ring of the Country {rPois rN+++ Will- Str+6}
  9677 | D:8      | Found a staircase to the Lair.
  9850 | D:8      | Found the +4 robe of Augmentation {Str+4 Int+4 Dex+4}
  9857 | D:8      | Found a stormy altar of Qazlal.
  9901 | D:8      | Found a burning altar of Makhleb.
 10304 | D:9      | Noticed a two-headed ogre
 10307 | D:9      | Reached skill level 19 in Axes
 10312 | D:9      | Killed a two-headed ogre
 10459 | D:9      | Identified the +1 robe "Repyett" {Str+2}
 10614 | D:9      | Found Xykeled's Antique Weapon Emporium.
 10970 | D:10     | Entered Level 10 of the Dungeon
 10974 | D:10     | Found Kinoloem's Jewellery Shop.
 11036 | D:10     | Noticed a two-headed ogre
 11036 | D:10     | Noticed Nergalle
 11048 | D:10     | Killed a two-headed ogre
 11049 | D:10     | Reached skill level 20 in Axes
 11052 | D:10     | Killed Nergalle
 11053 | D:10     | Reached XP level 11. HP: 83/83 MP: 3/11
 11101 | D:10     | Found a bloodstained altar of Trog.
 11345 | D:10     | Slain by a molten gargoyle

Illustrated notes

Levels and vault maps discovered:
D:1:      co_arrival_random_square_maze, layout_rooms, minmay_misc_feat_rows,
          nrook_mini_vaults
D:2:      kennysheep_big_flooded_room, layout_rooms, minmay_distorted
D:3:      layout_loops_ring, minmay_pentomino_pile, uniq_natasha, uniq_grinder,
          uniq_pargi, uniq_robin
D:4:      layout_loops_ring, mainiacjoe_overflow_small_starburst,
          chequers_serial_rivers_small_b
D:5:      old_forge, layout_basic, zin_treasury,
          minmay_temple_entry_statues_pillars
D:6:      corexii_shantytown, layout_loops_ring, lemuel_crystal_altar,
          nicolae_wu_jian_immortal_techniques, serial_bayou,
          serial_bayou_pond_d, serial_bayou_shore_b, serial_bayou_shore_a,
          serial_bayou_shore_b, minmay_mini_ossuary, uniq_maggie
D:7:      lemuel_insect_pit, layout_cave_pools, mainiacjoe_overflow_alcove_4,
          kennysheep_big_empty_room, water_maze_lemuel
D:8:      layout_basic, nicolae_qazlal_style_of_elements,
          lightli_temple_of_fire, dpeg_oklobed_lair
D:9:      layout_loops_cross, nicolae_stop_n_shop_1, minmay_misc_feat_plants,
          roderic_roman_lattice
D:10:     layout_irregular_city, mainiacjoe_overflow_alcove_1,
          mainiacjoe_overflow_catwalk_spiral, serial_shops,
          nicolae_take_the_stairs, minivault_8, uniq_nergalle

Skill      XL: |  1  2  3  4  5  6  7  8  9 10 11 |
---------------+----------------------------------+-----
Axes           | 5 6 7 8 10 11 14 17 20 | 20.7
Fighting       | 4 |  4.5
Dodging        | 2 |  2.0
Armour         | |  2.9

Action                   |  1- 3 |  4- 6 |  7- 9 | 10-12 || total
-------------------------+-------+-------+-------+-------++-------
Melee: Hand axe          |   140 |    87 |   192 |       ||   419
       Punch             |     1 |     3 |     7 |       ||    11
       War axe           |       |       |   215 |       ||   215
       Battleaxe         |       |       |    27 |   148 ||   175
Invok: Berserk           |     2 |     4 |     7 |     5 ||    18
       Trog's Hand       |       |     2 |     1 |     1 ||     4
  Use: Scroll            |     4 |     1 |       |    10 ||    15
       Potion            |       |       |       |     1 ||     1
 Stab: Sleeping          |     1 |       |       |       ||     1
       Held in net/web   |       |       |     2 |       ||     2
Armor: Animal skin       |    34 |    19 |     1 |       ||    54
       Troll leather arm |       |       |    45 |    29 ||    74
       Acid dragon scale |       |       |    56 |     2 ||    58
Dodge: Dodged            |    81 |    76 |   245 |    77 ||   479
